 Dungeon Crawl Stone Soup version 0.27-a0-1595-g0b823d0a13 (webtiles) character file.

Game seed: 13201060687173743167

9 wazuzu the Insei (level 2, 18/23 HPs)
             Began as a Demonspawn Gladiator on July 20, 2021.
             Quit the game on level 1 of the Dungeon.
             The game lasted 00:00:39 (609 turns).

wazuzu the Insei (Demonspawn Gladiator)              Turns: 609, Time: 00:00:40

Health: 18/23      AC:  3    Str: 14    XL:     2   Next: 3%
Magic:  2/2        EV: 12    Int:  9    God:
Gold:   15         SH:  0    Dex: 14    Spells: 1/1 levels left

rFire    . . .     SeeInvis .     - Unarmed
rCold    . . .     Faith    .   (no shield)
rNeg     . . .     Spirit   .   a - +0 leather armour
rPois    .         Reflect  .   (helmet restricted)
rElec    .         Harm     .   (no cloak)
rCorr    .         Rampage  .   (no gloves)
Will     .....                  (no boots)
Stlth    +.........             (no amulet)
HPRegen  0.07/turn              (no ring)
MPRegen  0.08/turn              (no ring)

@: studying Bows
A: horns 1
a: no special abilities


You were on level 1 of the Dungeon.
You visited 1 branch of the dungeon, and saw 1 of its levels.

You collected 15 gold pieces.


Innate Abilities, Weirdness & Mutations

You have a pair of small horns on your head.


   Skills:
 + Level 2.4 Fighting
 - Level 1.7 Throwing
 - Level 2.6 Dodging
 + Level 3.0 Unarmed Combat


You had one spell level left.
You didn't know any spells.
Your spell library was empty.

Dungeon Overview and Level Annotations

Branches:
Dungeon (1/15)

Altars:

Inventory:

Missiles
 c - 3 throwing nets (quivered)
Armour
 a - a +0 leather armour (worn)
 b - a +0 helmet
Magical Staves
 e - a staff of air
Scrolls
 d - a scroll of identify {unknown}
Potions
 f - a potion of heal wounds {unknown}

#.....)..# #........#
#........#
#........###
#..........#
###...........
+....hh.......
#####h##...... #@#
#####. #.#
##'#######.
#...........
#...........
#.........#
#.........#
##..######.........#
#
.........##.........#
..


You could see 3 jackals.


Message History

There is an open door here.
A kobold is nearby!
You barely miss the kobold. The kobold hits you with a +0 club.
You hit the kobold but do no damage. The kobold barely misses you.
You closely miss the kobold. The kobold barely misses you.
You hit the kobold.
The kobold is moderately wounded.
The kobold hits you but does no damage.
You hit the kobold but do no damage.
The kobold is moderately wounded.
The kobold hits you with a +0 club.
You hit the kobold.
You kill the kobold!
No target in view!
No target in view!
Found a manual of Bows and a mace.
You see here a +0 club.
A goblin comes into view. It is wielding a +0 dagger.
A goblin is nearby!
A jackal comes into view.
The goblin shouts!
You see here a +0 club.
There is an open door here.
The goblin closely misses you.
You barely miss the goblin. The goblin hits you but does no damage.
You closely miss the goblin. The goblin hits you but does no damage.
You hit the goblin.
You kill the goblin!
Your Unarmed Combat skill increases to level 3!
No target in view!
There is an open door here.
You start waiting.
Done waiting.
There is an open door here.
Things that are here:
a +0 dagger; a goblin corpse You see here a +0 club.
You pick up a manual of Bows and begin studying.
A jackal comes into view.
The jackal barks!
A jackal comes into view.
A jackal comes into view.
The jackal barks!
The jackal bites you but does no damage.
The jackal bites you.
You hit the jackal.
The jackal is heavily wounded.
The jackal barely misses you.
You see here a +0 club.
The jackal barks!
You hit the jackal but do no damage.
You hear an angry hiss.
The jackal barely misses you.
Things that are here:
a +0 dagger; a goblin corpse You barely miss the jackal.
The jackal bites you but does no damage.
You hit the jackal.
The jackal is severely wounded.
The jackal bites you but does no damage.
You hit the jackal.
You kill the jackal!
You have reached level 2!
Your demonic ancestry asserts itself...
A pair of horns grows on your head!
Your +0 helmet falls away!
You hit the jackal but do no damage.
The jackal is heavily wounded.
The jackal barely misses you. The jackal bites you.
Are you sure you want to abandon this character and quit the game? (Confirm with "yes".)

Action                   || total
-------------------------++-------
Melee: Unarmed           ||    38
Armor: Leather armour    ||    15
Dodge: Dodged            ||    17

Levels and vault maps discovered:
D:1:      arrival_zaba_pyramid, layout_basic

Notes
Turn   | Place    | Note
-------+----------+-------------------------------------------
     0 | D:1      | wazuzu the Demonspawn Gladiator began the quest for the
                  | Orb.
     0 | D:1      | Reached XP level 1. HP: 16/16 MP: 1/1
   481 | D:1      | Reached skill level 3 in Unarmed Combat
   608 | D:1      | Gained mutation: You have a pair of small horns on your
                  | head. [demonic ancestry]
   608 | D:1      | Reached XP level 2. HP: 20/23 MP: 2/2
   609 | D:1      | Quit the game

Vanquished Creatures
  A goblin (D:1)
  4 jackals (D:1)
  A quokka (D:1)
  A kobold (D:1)
7 creatures vanquished.
